MLB
OAKLAND ATHLETICS @ CLEVELAND INDIANS
07/07/2018
 
TOP OF THE 1ST
Oakland Athletics batting - Pitching for Cleveland Indians : RHP Kenta Maeda
Pitching: RHP Kenta Maeda
Batting: RHB DJ LeMahieu 0-0: Ball
1-0: Called Strike
1-1: Called Strike
1-2: Strikes out swinging
Batting: LHB Didi Gregorius 0-0: DOUBLE (Groundball, 3L)
Batting: RHB Rhys Hoskins 0-0: Ball
1-0: Ball
2-0: Foul Ball, location: 2F
2-1: Foul Ball, location: 2F
2-2: Ball
3-2: Foul Ball, location: 2F
3-2: Fly out, F8 (Flyball, 8LD)
Batting: RHB Paul Goldschmidt 0-0: SINGLE (Line Drive, 7LS)
Didi Gregorius to third
Runner from 3rd tries for Home, SAFE, throw by LF to home
Batting: LHB Herschel Powell 0-0: Ball
1-0: Ball
2-0: Ball
3-0: Called Strike
3-1: Swinging Strike
3-2: Foul Ball, location: 2F
3-2: Ground out 5-3 (Groundball, 56)
Top of the 1st over - 1 run, 2 hits, 0 errors, 1 left on base; Oakland 1 - Cleveland 0
BOTTOM OF THE 1ST
Cleveland Indians batting - Pitching for Oakland Athletics : LHP Gio Gonzalez
Pitching: LHP Gio Gonzalez
Batting: SHB Jose Ramirez 0-0: Ground out 5-3 (Groundball, 56S)
Batting: RHB Marcus Semien 0-0: Ball
1-0: Called Strike
1-1: Ball
2-1: SINGLE (Groundball, 4MD)
Batting: LHB Christian Yelich 0-0: Ball
1-0: Swinging Strike
1-1: Ball
2-1: SINGLE (Flyball, 9S)
Marcus Semien to second
Runner from 2nd tries for 3rd, SAFE, throw by RF made to third
Batting: RHB Steven Souza Jr. 0-0: Grounds into double play, 5-4-3 (Groundball, 56)
Bottom of the 1st over - 0 runs, 2 hits, 0 errors, 1 left on base; Oakland 1 - Cleveland 0
TOP OF THE 2ND
Oakland Athletics batting - Pitching for Cleveland Indians : RHP Kenta Maeda
Batting: RHB Guillermo Heredia 0-0: Foul Ball, location: 2F
0-1: Swinging Strike
0-2: Ball
1-2: Foul Ball, location: 2F
1-2: Foul Ball, location: 2F
1-2: DOUBLE (Line Drive, 7LD)
Batting: RHB Cam Gallagher 0-0: Called Strike
0-1: Ball
1-1: Foul Ball, location: 2F
1-2: Ball
2-2: Ground out 6-3 (Groundball, 6)
Guillermo Heredia to third
Batting: RHB Chris Owings 0-0: Ball
1-0: Called Strike
1-1: Fly out, F7 (Flyball, 78S)
Runner from 3rd tags up, OUT at HOME! 7-2
Top of the 2nd over - 0 runs, 1 hit, 0 errors, 0 left on base; Oakland 1 - Cleveland 0
BOTTOM OF THE 2ND
Cleveland Indians batting - Pitching for Oakland Athletics : LHP Gio Gonzalez
Batting: LHB Eric Hosmer 0-0: Called Strike
0-1: Ball
1-1: Ball
2-1: Called Strike
2-2: Foul Ball, location: 2F
2-2: Ball
3-2: Ground out 5-3 (Groundball, 56)
Batting: LHB Matt Carpenter 0-0: Called Strike
0-1: Ball
1-1: Ball
2-1: Called Strike
2-2: Ball
3-2: Base on Balls
Batting: RHB Jung-ho Kang 0-0: Ball
1-0: Fly out, F9 (Flyball, 9LS)
Batting: RHB Mitch Garver 0-0: Foul Ball, location: 2F
0-1: Called Strike
0-2: Foul Ball, location: 2F
0-2: Fly out, F9 (Flyball, 89S)
Bottom of the 2nd over - 0 runs, 0 hits, 0 errors, 1 left on base; Oakland 1 - Cleveland 0
TOP OF THE 3RD
Oakland Athletics batting - Pitching for Cleveland Indians : RHP Kenta Maeda
Batting: SHB Kaleb Cowart 0-0: Ball
1-0: Called Strike
1-1: Ball
2-1: Called Strike
2-2: Ball
3-2: Fly out, F7 (Flyball, 7LS)
Batting: RHB DJ LeMahieu 0-0: SINGLE (Line Drive, 6MD)
Batting: LHB Didi Gregorius 0-0: Ball
1-0: Ball
2-0: Foul Ball, location: 2F
2-1: Foul Ball, location: 2F
2-2: Ball
3-2: Strikes out swinging
Batting: RHB Rhys Hoskins 0-0: Ball
1-0: Called Strike
1-1: Ground out 4-3 (Groundball, 34)
Top of the 3rd over - 0 runs, 1 hit, 0 errors, 1 left on base; Oakland 1 - Cleveland 0
BOTTOM OF THE 3RD
Cleveland Indians batting - Pitching for Oakland Athletics : LHP Gio Gonzalez
Batting: RHB Lane Adams 0-0: Ball
1-0: Foul Ball, location: 2F
1-1: Foul Ball, location: 2F
1-2: Strikes out swinging
Batting: SHB Jose Ramirez 0-0: Ball
1-0: Ground out 6-3 (Groundball, 6)
Batting: RHB Marcus Semien 0-0: Ball
1-0: Ball
2-0: Ball
3-0: Called Strike
3-1: Base on Balls
Batting: LHB Christian Yelich 0-0: Ball
1-0: Called Strike
1-1: Called Strike
1-2: Ball
2-2: Ball
3-2: Foul Ball, location: 2F
3-2: Strikes out looking
Bottom of the 3rd over - 0 runs, 0 hits, 0 errors, 1 left on base; Oakland 1 - Cleveland 0
TOP OF THE 4TH
Oakland Athletics batting - Pitching for Cleveland Indians : RHP Kenta Maeda
Batting: RHB Paul Goldschmidt 0-0: Called Strike
0-1: Ball
1-1: Ball
2-1: SINGLE (Flyball, 34D)
Batting: LHB Herschel Powell 0-0: Ball
1-0: Fly out, F5 (Popup, 56S)
Batting: RHB Guillermo Heredia 0-0: Ball
1-0: Fly out, F7 (Line Drive, 7D)
Runner from 1st tags up, SAFE at 2nd
Batting: RHB Cam Gallagher 0-0: Swinging Strike
0-1: Ball
1-1: Ball
2-1: Ground out 5-3 (Groundball, 56)
Top of the 4th over - 0 runs, 1 hit, 0 errors, 1 left on base; Oakland 1 - Cleveland 0
BOTTOM OF THE 4TH
Cleveland Indians batting - Pitching for Oakland Athletics : LHP Gio Gonzalez
Batting: RHB Steven Souza Jr. 0-0: Swinging Strike
0-1: Ball
1-1: Ball
2-1: Ball
3-1: Foul Ball, location: 2F
3-2: Ground out 4-3 (Groundball, 4M)
Batting: LHB Eric Hosmer 0-0: Called Strike
0-1: Foul Ball, location: 2F
0-2: Ball
1-2: Foul Ball, location: 2F
1-2: Strikes out swinging
Batting: LHB Matt Carpenter 0-0: Foul Ball, location: 2F
0-1: Reached on error, E2 (Groundball, 2L)
Batting: RHB Jung-ho Kang 0-0: Ball
1-0: Called Strike
1-1: Ball
2-1: Ball
3-1: Base on Balls
Batting: RHB Mitch Garver 0-0: Called Strike
0-1: Ball
1-1: Foul Ball, location: 2F
1-2: Foul Ball, location: 2F
1-2: Ball
2-2: Ball
3-2: DOUBLE (Flyball, 78XD)
Matt Carpenter scores
Jung-ho Kang to third
Jung-ho Kang scores
Batting: RHB Lane Adams 0-0: Fly out, F8 (Flyball, 78D)
Bottom of the 4th over - 2 runs, 1 hit, 1 error, 1 left on base; Oakland 1 - Cleveland 2
TOP OF THE 5TH
Oakland Athletics batting - Pitching for Cleveland Indians : RHP Kenta Maeda
Batting: RHB Chris Owings 0-0: Ball
1-0: Ball
2-0: Foul Ball, location: 2F
2-1: Ball
3-1: SINGLE (Line Drive, 89M)
Batting: SHB Kaleb Cowart 0-0: Ball
1-0: Called Strike
1-1: Sac Bunt to P - play at first, batter OUT! 1-3
Chris Owings to second
Batting: RHB DJ LeMahieu 0-0: Called Strike
Chris Owings is caught stealing 3rd base 2-5
0-1: Ball
1-1: Called Strike
1-2: Strikes out looking
Top of the 5th over - 0 runs, 1 hit, 0 errors, 0 left on base; Oakland 1 - Cleveland 2
BOTTOM OF THE 5TH
Cleveland Indians batting - Pitching for Oakland Athletics : LHP Gio Gonzalez
Batting: SHB Jose Ramirez 0-0: Ball
1-0: Fly out, F8 (Flyball, 8RD)
Batting: RHB Marcus Semien 0-0: Ground out U3 (Groundball, 34)
Batting: LHB Christian Yelich 0-0: Called Strike
0-1: Ball
1-1: Swinging Strike
1-2: SINGLE (Line Drive, 6D)
Batting: RHB Steven Souza Jr. 0-0: Ball
1-0: Called Strike
1-1: Foul Ball, location: 2F
1-2: Foul Ball, location: 2F
1-2: Ground out 1-3 (Groundball, 13)
Bottom of the 5th over - 0 runs, 1 hit, 0 errors, 1 left on base; Oakland 1 - Cleveland 2
TOP OF THE 6TH
Oakland Athletics batting - Pitching for Cleveland Indians : RHP Kenta Maeda
Batting: LHB Didi Gregorius 0-0: Foul Ball, location: 2F
0-1: Ball
1-1: SINGLE (Flyball, 7LS)
Batting: RHB Rhys Hoskins 0-0: Ball
Didi Gregorius is caught stealing 2nd base 2-4
1-0: SINGLE (Groundball, 56D)
Batting: RHB Paul Goldschmidt 0-0: Called Strike
0-1: Called Strike
0-2: Grounds into double play, 3-6-3 (Groundball, 3)
Top of the 6th over - 0 runs, 2 hits, 0 errors, 0 left on base; Oakland 1 - Cleveland 2
BOTTOM OF THE 6TH
Cleveland Indians batting - Pitching for Oakland Athletics : LHP Gio Gonzalez
Batting: LHB Eric Hosmer 0-0: Ball
1-0: Swinging Strike
1-1: Ball
2-1: SINGLE (Groundball, 34) (infield hit)
Batting: LHB Matt Carpenter 0-0: Ball
1-0: Foul Ball, location: 2F
1-1: Ball
2-1: Foul Ball, location: 2F
2-2: Fielders Choice at 2nd, 4-6 (Groundball, 4)
Batting: RHB Jung-ho Kang 0-0: Swinging Strike
0-1: Ball
1-1: Foul Ball, location: 2F
1-2: Ball
2-2: Foul Ball, location: 2F
2-2: Foul Ball, location: 2F
2-2: Foul Ball, location: 2F
2-2: Ball
3-2: Foul Ball, location: 2F
3-2: Strikes out looking
Pitching: RHP Matt Barnes
Batting: RHB Mitch Garver 0-0: Foul Ball, location: 2F
0-1: Called Strike
0-2: Ball
1-2: Ball
2-2: Ball
3-2: Base on Balls
Matt Carpenter to second
Batting: RHB Lane Adams 0-0: Called Strike
0-1: DOUBLE (Line Drive, 9LM)
Matt Carpenter scores
Mitch Garver to third
Runner from 3rd tries for Home, SAFE, throw by RF to trailing runner, OUT at third! 9-4-5
Bottom of the 6th over - 2 runs, 2 hits, 0 errors, 0 left on base; Oakland 1 - Cleveland 4
TOP OF THE 7TH
Oakland Athletics batting - Pitching for Cleveland Indians : RHP Kenta Maeda
Batting: LHB Herschel Powell 0-0: Foul Ball, location: 2F
0-1: Fly out, F7 (Flyball, 78S)
Batting: RHB Guillermo Heredia 0-0: Called Strike
0-1: Fly out, F8 (Line Drive, 8RM)
Batting: RHB Cam Gallagher 0-0: DOUBLE (Line Drive, 9LD)
Batting: RHB Chris Owings 0-0: Swinging Strike
0-1: Called Strike
0-2: Strikes out looking
Top of the 7th over - 0 runs, 1 hit, 0 errors, 1 left on base; Oakland 1 - Cleveland 4
BOTTOM OF THE 7TH
Cleveland Indians batting - Pitching for Oakland Athletics : RHP Matt Barnes
Batting: SHB Jose Ramirez 0-0: Ball
1-0: Ball
2-0: Ball
3-0: Base on Balls
Batting: RHB Marcus Semien 0-0: Called Strike
0-1: Ball
1-1: Ball
2-1: DOUBLE (Flyball, 78XD)
Jose Ramirez to third
Batting: LHB Christian Yelich 0-0: Intentional Walk
Batting: RHB Steven Souza Jr. 0-0: Ball
1-0: Ball
2-0: Ball
3-0: Base on Balls
Jose Ramirez scores
Marcus Semien to third
Christian Yelich to second
Pitching: LHP Sean Doolittle
Batting: LHB Eric Hosmer 0-0: Ball
1-0: Called Strike
1-1: Ball
2-1: Foul Ball, location: 2F
2-2: Ball
3-2: Foul Ball, location: 2F
3-2: Base on Balls
Marcus Semien scores
Christian Yelich to third
Steven Souza Jr. to second
Batting: LHB Matt Carpenter 0-0: Ball
1-0: Called Strike
1-1: Foul Ball, location: 2F
1-2: Ball
2-2: Ball
3-2: Foul Ball, location: 2F
3-2: Fly out, F2 (Popup, 5SF)
Batting: RHB Jung-ho Kang 0-0: Ball
1-0: Swinging Strike
1-1: Fly out, F8 (Flyball, 8LD)
Runner from 3rd tags up, SCORES, throw by CF
Batting: RHB Mitch Garver 0-0: Ball
1-0: Foul Ball, location: 2F
1-1: Called Strike
1-2: Ball
2-2: Fly out, F8 (Flyball, 8RD)
Bottom of the 7th over - 3 runs, 1 hit, 0 errors, 2 left on base; Oakland 1 - Cleveland 7
TOP OF THE 8TH
Oakland Athletics batting - Pitching for Cleveland Indians : RHP Kenta Maeda
Pitching: RHP Chi Chi Gonzalez
Batting: SHB Kaleb Cowart 0-0: Ball
1-0: Called Strike
1-1: Ball
2-1: Foul Ball, location: 2F
2-2: Foul Ball, location: 2F
2-2: Ground out 1-3 (Groundball, 15S)
Batting: RHB DJ LeMahieu 0-0: Swinging Strike
0-1: Ball
1-1: Ball
2-1: Ball
3-1: Foul Ball, location: 2F
3-2: Foul Ball, location: 2F
3-2: Fly out, F9 (Flyball, 9D)
Batting: LHB Didi Gregorius 0-0: Ball
1-0: Called Strike
1-1: Fly out, F7 (Flyball, 78S)
Top of the 8th over - 0 runs, 0 hits, 0 errors, 0 left on base; Oakland 1 - Cleveland 7
BOTTOM OF THE 8TH
Cleveland Indians batting - Pitching for Oakland Athletics : LHP Sean Doolittle
Batting: RHB Lane Adams 0-0: Ball
1-0: SINGLE (Groundball, 4MD)
Batting: SHB Jose Ramirez 0-0: Called Strike
0-1: Ball
1-1: Ball
2-1: Swinging Strike
2-2: Ball
3-2: Strikes out swinging
Batting: RHB Marcus Semien 0-0: Ball
1-0: Ball
Lane Adams steals 2nd base
2-0: Foul Ball, location: 2F
2-1: Ball
3-1: Foul Ball, location: 2F
3-2: SINGLE (Flyball, 78M)
Lane Adams to third
Runner from 3rd tries for Home, SAFE, no throw by CF
Pitching: RHP Zach Davies
Batting: LHB Christian Yelich 0-0: Called Strike
0-1: Ball
1-1: Fly out, F4 (Line Drive, 4)
Batting: RHB Steven Souza Jr. 0-0: Foul Ball, location: 2F
0-1: Ball
1-1: Ball
2-1: SINGLE (Groundball, 6MD)
Marcus Semien to second
Runner from 2nd tries for 3rd, SAFE, throw by CF made to third
Batting: LHB Eric Hosmer 0-0: Ball
1-0: Fly out, F9 (Flyball, 9S)
Bottom of the 8th over - 1 run, 3 hits, 0 errors, 2 left on base; Oakland 1 - Cleveland 8
TOP OF THE 9TH
Oakland Athletics batting - Pitching for Cleveland Indians : RHP Chi Chi Gonzalez
Batting: RHB Rhys Hoskins 0-0: Ball
1-0: Ball
2-0: Ball
3-0: Base on Balls
Batting: RHB Paul Goldschmidt 0-0: Ball
1-0: Fly out, F9 (Flyball, 9LMF)
Batting: LHB Herschel Powell 0-0: Fly out, F7 (Line Drive, 7)
Pinch Hitting: LHB Shin-Soo Choo 0-0: Called Strike
0-1: Fielders Choice at 2nd, U6 (Groundball, 4M)
Top of the 9th over - 0 runs, 0 hits, 0 errors, 1 left on base; Oakland 1 - Cleveland 8
Tuesday, September 11th, 2018 - OOTP Baseball 19.8 Build 79